 Dungeon Crawl Stone Soup version 0.20.0-15-g7f486f2 (webtiles) character file.

14157 poirepourri the Cleaver (level 11, 0/153 HPs)
             Began as a Minotaur Fighter on June 10, 2017.
             Was a High Priest of Okawaru.
             Killed from afar by Azrael (21 damage)
             ... with a bolt of fire
             ... on level 12 of the Dungeon.
             The game lasted 00:16:00 (16538 turns).

poirepourri the Cleaver (Minotaur Fighter)         Turns: 16538, Time: 00:16:01

Health: 0/153      AC: 12    Str: 26    XL:     11   Next: 85%
Magic:  10/10      EV:  9    Int:  5    God:    Okawaru [*****.]
Gold:   135        SH: 17    Dex: 13    Spells: 10/10 levels left

rFire    . . .     SeeInvis .   k - +1 broad axe (venom)
rCold    . . .     Gourm    .   c - +4 shield
rNeg     . . .     Faith    .   a - +0 plate armour
rPois    .         Spirit   .   (helmet restricted)
rElec    .         Reflect  .   s - +0 cloak
rCorr    .         Harm     .   (no gloves)
MR       .....                  (no boots)
Stlth    ..........             (no amulet)
Regen    0.4/turn               (no ring)
MPRegen  0.2/turn               (no ring)

@: berserking, about to teleport, very quick
A: retaliatory headbutt, horns 2
a: Heroism, Finesse, Renounce Religion


You were on level 12 of the Dungeon.
You worshipped Okawaru.
Okawaru was extremely pleased with you.
You were not hungry.

You visited 2 branches of the dungeon, and saw 13 of its levels.

You collected 432 gold pieces.
You spent 297 gold pieces at shops.

Inventory:

Hand Weapons
 k - a +1 broad axe of venom (weapon)
 x - a +2 morningstar of protection
Missiles
 g - 99 bolts
 z - 8 needles of paralysis
Armour
 a - a +0 plate armour (worn)
 c - a +4 shield (worn)
 s - a +0 cloak (worn)
Wands
 d - a wand of lightning (6/15)
 l - a wand of scattershot (6/9)
 q - a wand of digging (7/24)
 r - a wand of disintegration (18/24)
 u - a wand of digging (7/24)
 w - a wand of iceblast (8/15)
 C - a wand of confusion (31/48)
 E - a wand of confusion (16/48)
Scrolls
 b - a scroll of fog
 e - 3 scrolls of remove curse
 i - 3 scrolls of teleportation
Potions
 f - a potion of berserk rage
 h - a potion of cancellation
 j - a potion of brilliance
 t - 2 potions of mutation
 v - 3 potions of flight {unknown}
 A - a potion of invisibility {unknown}
 B - a potion of haste
Books
 p - a book of Cantrips

   Spells                             Type                      Level
   a - Confusing Touch                Hexes                        1
   b - Animate Skeleton               Necromancy                   1
   c - Summon Small Mammal            Summoning                    1
   d - Apportation                    Translocation                1
 y - a book of Conjurations

   Spells                             Type                      Level
   a - Magic Dart                     Conjuration                  1
   b - Searing Ray                    Conjuration                  2
   c - Dazzling Spray                 Conjuration/Hexes            3
   d - Fulminant Prism                Conjuration/Hexes            4
   e - Force Lance                    Conjuration/Translocation    4
   f - Iskenderun's Mystic Blast      Conjuration                  4
Comestibles
 m - 7 fruits
 n - 4 meat rations
 D - 3 bread rations


   Skills:
 + Level 11.2 Fighting
 + Level 14.7 Axes
 - Level 3.6 Armour
 + Level 5.7 Dodging
 + Level 12.1 Shields
 + Level 0.9 Unarmed Combat


You had 10 spell levels left.
You didn't know any spells.

Dungeon Overview and Level Annotations

Branches:
Dungeon (12/15)            Temple (1/1) D:6            Lair (0/6) D:8
    Orc (0/2) D:10

Altars:
Ashenzari
Cheibriados
Dithmenos
Elyvilon
Fedhas
Gozag
Hepliaklqana
Kikubaaqudgha
Makhleb
Nemelex Xobeh
Okawaru
Qazlal
Ru
Sif Muna
Trog
Uskayaw
Vehumet
Xom
Yredelemnul
Zin
The Shining One

Shops:
D:6 }   D:7 [   D:9 (*

Annotations:
D:12 Azrael, Kirke


Innate Abilities, Weirdness & Mutations

You reflexively headbutt those who attack you in melee.
You have a pair of horns on your head.


Message History

As you read the scroll of teleportation, it crumbles to dust.
You feel strangely unstable.
The hell hound pauses to sniff the ground.
You block the hell hound's attack. The hell hound breathes flames at you.
The blast of flame misses the hell hound.
The blast of flame hits you!
* * * LOW HITPOINT WARNING * * *
The hell hound bites you but does no damage.
Kirke, Weaver of Myths comes into view.
Kirke shouts!
It was a potion of berserk rage.
A red film seems to cover your vision as you go berserk!
You feel yourself moving faster!
You feel mighty! The hell hound bites you.
* * * LOW HITPOINT WARNING * * *
Azrael gestures at you.
The bolt of fire hits the fire elemental.
The fire elemental completely resists.
The bolt of fire hits the hell hound.
The hell hound completely resists.
The bolt of fire hits you!
You die...

... ... #.# #.# #.# ###########§#
# .........hRE############...
.........§hhh@.............
#####@h#########.......... #.§#
#..########
#.h#########..###########
#########Rh......................
....h.§§§........................
...§§§.h.........................
....§..........#########.........
.§§............# #.........


You could see Kirke, Azrael, 2 hogs, a fire elemental and 3 hell hounds.

Vanquished Creatures
  Harold (D:10)
  Erica (D:10)
  4 two-headed ogres
  A cyclops (D:11)
  Maurice (D:11)
  Joseph (D:8)
  Psyche (D:8)
  2 trolls
  A merfolk (D:11)
  2 hornets
  5 hippogriffs
  3 slime creatures (D:8)
  A shadow (D:11)
  Sigmund (D:6)
  3 yaks (D:11)
  2 vampires
  2 hungry ghosts
  A vampire mosquito (D:12)
  Menkaure (D:6)
  An acid dragon (D:11)
  5 ice beasts
  A hornet zombie (D:10)
  2 orc warriors
  An eye of draining (D:11)
  A phantom (D:10)
  3 sky beasts
  2 ogres
  A necrophage (D:6)
  4 centaurs
  A crocodile (D:11)
  A big kobold (D:7)
  6 bullfrogs
  A wyvern zombie (D:11)
  A wyvern skeleton (D:11)
  2 scorpions
  3 killer bees (D:11)
  3 wights (D:8)
  3 howler monkeys (D:5)
  2 crimson imps
  3 bullfrog zombies
  5 hounds
  A jelly (D:11)
  12 orc wizards
  Crazy Yiuf (D:7)
  3 orc priests
  2 centaur skeletons
  2 gnoll shamans
  3 iguanas
  Ijyb (D:4)
  Terence (D:2)
  11 worker ants
  Natasha (thrice) (D:3)
  A hound zombie (D:5)
  Robin (D:2)
  13 gnolls
  2 worker ant zombies
  10 adders
  A shadow imp (D:5)
  2 oozes
  2 adder skeletons (D:4)
  A worm (D:2)
  2 dart slugs
  A leopard gecko (D:5)
  35 orcs
  7 bats
  3 giant cockroaches
  9 hobgoblins
  6 jackals
  6 quokkas
  2 ball pythons
  4 frilled lizards
  A giant cockroach zombie (D:6)
  19 goblins
  11 kobolds
  A leopard gecko skeleton (D:7)
  7 rats
  A fungus (D:6)
  A plant (D:6)
275 creatures vanquished.

Vanquished Creatures (others)
  A hog (D:12)
1 creature vanquished.

Grand Total: 276 creatures vanquished

Notes
Turn   | Place    | Note
-------+----------+-------------------------------------------
     0 | D:1      | poirepourri the Minotaur Fighter began the quest for the Orb.
     0 | D:1      | Reached XP level 1. HP: 19/19 MP: 0/0
   229 | D:1      | Reached XP level 2. HP: 21/27 MP: 1/1
   536 | D:1      | You fall through a shaft!
   554 | D:2      | Noticed Terence
   560 | D:2      | Killed Terence
   560 | D:2      | Reached skill level 3 in Axes
   560 | D:2      | Reached XP level 3. HP: 20/33 MP: 2/2
  1100 | D:2      | Found a white marble altar of Elyvilon.
  1156 | D:2      | Reached XP level 4. HP: 38/41 MP: 3/3
  1300 | D:2      | Noticed Robin
  1308 | D:2      | Reached skill level 4 in Axes
  1314 | D:2      | Killed Robin
  1510 | D:2      | Found a shattered altar of Ashenzari.
  1562 | D:2      | Found a sacrificial altar of Ru.
  1574 | D:2      | Reached skill level 1 in Dodging
  1574 | D:2      | Reached XP level 5. HP: 42/47 MP: 4/4
  1929 | D:2      | Reached skill level 5 in Axes
  2467 | D:3      | Found an iron altar of Okawaru.
  2596 | D:3      | Noticed Natasha
  2605 | D:3      | Killed Natasha
  2612 | D:3      | Reached skill level 5 in Shields
  2803 | D:3      | Noticed Natasha
  2813 | D:3      | Killed Natasha
  2974 | D:4      | Reached XP level 6. HP: 55/55 MP: 5/5
  2998 | D:4      | Reached skill level 5 in Fighting
  3000 | D:4      | Reached skill level 6 in Axes
  3555 | D:4      | Noticed Ijyb
  3568 | D:4      | Killed Ijyb
  3945 | D:4      | Reached XP level 7. HP: 61/61 MP: 6/6
  4130 | D:5      | Entered Level 5 of the Dungeon
  4313 | D:5      | Reached skill level 7 in Axes
  4941 | D:5      | Reached skill level 8 in Axes
  5414 | D:5      | Found a bloodstained altar of Trog.
  5455 | D:5      | Reached XP level 8. HP: 70/70 MP: 7/7
  5717 | D:6      | Found Akleodonwo's Gadget Shop.
  5717 | D:6      | Found a blossoming altar of Fedhas.
  5734 | D:6      | Found a stormy altar of Qazlal.
  5982 | D:6      | Noticed Sigmund
  5993 | D:6      | Killed Sigmund
  6097 | D:6      | Reached skill level 9 in Axes
  6224 | D:6      | Found a staircase to the Ecumenical Temple.
  6291 | Temple   | Entered the Ecumenical Temple
  6716 | D:3      | Became a worshipper of Warmaster Okawaru
  6719 | D:3      | Noticed Natasha
  6731 | D:3      | Killed Natasha
  6959 | D:6      | Noticed Menkaure
  7299 | D:6      | Killed Menkaure
  7303 | D:6      | Reached XP level 9. HP: 39/76 MP: 8/8
  7833 | D:6      | Reached skill level 10 in Axes
  7870 | D:6      | Found a bloodstained altar of Trog.
  8008 | D:7      | Found Eposuhusid's Armour Shop.
  8418 | D:7      | Reached * piety under Okawaru
  8705 | D:7      | Found a runed door.
  9192 | D:7      | Noticed Crazy Yiuf
  9197 | D:7      | Killed Crazy Yiuf
  9197 | D:7      | Reached skill level 11 in Axes
  9661 | D:8      | Found a staircase to the Lair.
  9718 | D:8      | Noticed Psyche
  9727 | D:8      | Killed Psyche
  9727 | D:8      | Reached ** piety under Okawaru
  9810 | D:8      | Reached XP level 10. HP: 49/86 MP: 9/9
 10353 | D:8      | Noticed Joseph
 10367 | D:8      | Killed Joseph
 10834 | D:9      | Noticed a two-headed ogre
 10842 | D:9      | HP: 2/88 [two-headed ogre/giant club (4)]
 11292 | D:8      | Reached skill level 12 in Axes
 11301 | D:8      | Reached skill level 10 in Shields
 12010 | D:9      | Killed a two-headed ogre
 12010 | D:9      | Reached *** piety under Okawaru
 12010 | D:9      | Reached skill level 5 in Dodging
 12395 | D:9      | Found Luar's Weapon Boutique.
 12400 | D:9      | Bought a +1 broad axe of venom for 200 gold pieces
 12901 | D:9      | Found Xusuh's General Store.
 12909 | D:9      | Bought a scroll of enchant armour for 97 gold pieces
 13019 | D:10     | Entered Level 10 of the Dungeon
 13357 | D:10     | Noticed Erica
 13368 | D:10     | Killed Erica
 13368 | D:10     | Reached **** piety under Okawaru
 13368 | D:10     | Reached skill level 13 in Axes
 13575 | D:10     | Reached XP level 11. HP: 73/99 MP: 10/10
 13790 | D:10     | Noticed Harold
 13807 | D:10     | Killed Harold
 13807 | D:10     | Received a gift from Okawaru
 13807 | D:10     | Reached skill level 10 in Fighting
 14214 | D:10     | Found a staircase to the Orcish Mines.
 14375 | D:10     | Noticed a two-headed ogre
 14381 | D:10     | Killed a two-headed ogre
 14468 | D:11     | Noticed a two-headed ogre
 14474 | D:11     | Killed a two-headed ogre
 14558 | D:11     | Noticed a two-headed ogre
 14566 | D:11     | Killed a two-headed ogre
 14566 | D:11     | Reached skill level 14 in Axes
 14576 | D:11     | Noticed Maurice
 14578 | D:11     | Reached ***** piety under Okawaru
 14862 | D:11     | Received a gift from Okawaru
 15295 | D:11     | Killed Maurice
 16522 | D:12     | Noticed Azrael
 16537 | D:12     | Noticed Kirke
 16538 | D:12     | Killed from afar by Azrael

Skill      XL: |  1  2  3  4  5  6  7  8  9 10 11 |
---------------+----------------------------------+-----
Fighting       | 4 5 6 8 9 11 | 11.2
Shields        | 4 5 6 8 9 11 12 | 12.1
Axes           | 3 4 5 6 8 9 11 13 14 | 14.7
Dodging        | 1 2 3 4 5 |  5.7
Armour         | |  3.6
Unarmed Combat | |  0.9

Action                   |  1- 3 |  4- 6 |  7- 9 | 10-12 || total
-------------------------+-------+-------+-------+-------++-------
Melee: War axe           |    63 |   146 |   340 |   108 ||   657
       Headbutt          |     9 |    15 |    84 |    82 ||   190
       Broad axe         |       |       |       |   229 ||   229
       Unarmed           |       |       |       |    15 ||    15
  Use: Potion            |     1 |       |     5 |     8 ||    14
       Scroll            |       |     6 |     8 |     5 ||    19
 Stab: Paralysed         |       |     1 |       |       ||     1
  Eat: Meat ration       |     1 |       |     3 |     3 ||     7
       Bread ration      |       |     1 |     1 |     2 ||     4
       Chunk             |       |     1 |       |       ||     1
       Royal jelly       |       |     1 |       |       ||     1
Armor: Scale mail        |    27 |    81 |    83 |    33 ||   224
       Skin              |       |       |    10 |       ||    10
       Plate armour      |       |       |       |    65 ||    65
Dodge: Dodged            |    23 |    42 |    83 |    73 ||   221
Block: Shield            |    42 |   108 |   218 |   189 ||   557
